 Dungeon Crawl Stone Soup version 0.30-a0-341-g682706514a (webtiles) character file.

Game seed: 4933852773240446174

928 zishaf the Gusty (level 8, -12/48 HPs)
             Began as a Tengu Air Elementalist on Nov 2, 2022.
             Mangled by Menkaure (20 damage)
             ... on level 5 of the Dungeon.
             The game lasted 00:09:04 (4862 turns).

zishaf the Gusty (Tengu Air Elementalist)           Turns: 4862, Time: 00:09:04

Health: -12/48     AC:  4    Str:  9    XL:     8   Next: 11%
Magic:  8/13       EV: 14    Int: 17    God:
Gold:   371        SH:  0    Dex: 15    Spells: 6/13 levels left

rFire   . . .      SeeInvis .    l - +0 dagger
rCold   + . .      Faith    .    (no shield)
rNeg    . . .      Spirit   .    p - +2 robe {rC+}
rPois   +          Reflect  .    (helmet restricted)
rElec   .          Harm     .    (no cloak)
rCorr   .          Rampage  .    (no gloves)
Will    .....                    (boots unavailable)
Stlth   ++........               c - amulet of magic regeneration
HPRegen 0.28/turn                r - ring of poison resistance
MPRegen 0.53/turn                (no ring)

@: flying quickly and evasively, very slightly contaminated, quick
A: beak, talons 3, nimble flight
a: no special abilities


You were on level 5 of the Dungeon.
You visited 1 branch of the dungeon, and saw 5 of its levels.

You collected 371 gold pieces.

Inventory:

Hand Weapons
 l - a +0 dagger (weapon)
Missiles
 d - 3 curare-tipped darts
Armour
 a - a +0 robe
 p - a +2 robe of cold resistance (worn)
Magical Staves
 m - a staff of fire
Jewellery
 c - an amulet of magic regeneration (around neck)
 r - a ring of poison resistance (left hand)
Wands
 n - a wand of digging (3)
Scrolls
 j - 2 scrolls of teleportation
Potions
 b - a potion of magic
 e - 4 potions of curing {unknown}
 h - a potion of berserk rage {unknown}
 i - a potion of lignification {unknown}
 k - a potion of flight {unknown}
 q - a potion of heal wounds {unknown}


   Skills:
 + Level 4.4 Fighting
 - Level 2.1 Dodging
 - Level 2.0 Stealth
 - Level 3.0 Spellcasting
 + Level 7.3 Conjurations
 + Level 7.3 Air Magic


You had 6 spell levels left.
You knew the following spells:

 Your Spells              Type           Power      Damage    Failure   Level
a - Shock                 Conj/Air       100%       1d9       1%          1
b - Airstrike             Air            13%        2d(2-18)  9%          4
A - Static Discharge      Conj/Air       54%        2-5/arc   1%          2

Your spell library contained the following spells:

 Spells                   Type           Power      Damage    Failure   Level
 Swiftness                Air            27%        N/A       2%          3
 Hailstorm                Conj/Ice       14%        3d5       12%         3
 Freeze                   Ice            8%         1d3       17%         1
 Ensorcelled Hibernation  Hex/Ice        4%         N/A       26%         2
 Passwall                 Tmut/Erth      1%         N/A       26%         2
 Frozen Ramparts          Ice            4%         1d1       45%         3
 Spider Form              Tmut/Pois      2%         N/A       45%         3
 Anguish                  Hex/Necr       1%         N/A       86%         4


Dungeon Overview and Level Annotations

Branches:
Dungeon (5/15)
 Temple: D:4-7

Altars:
Fedhas
Nemelex Xobeh
Ru

Annotations:
D:5 3 runed translucent doors, Darkkill's ghost, novice MiHu; Menkaure


Innate Abilities, Weirdness & Mutations

You have a beak for a mouth.
You have claws for feet.
Your magical nature lets you fly swiftly and evasively.


Message History

You feel less confused.
Casting: Shock (safe; 1% risk of failure)
Confirm with . or Enter, or press ? or * to list all spells.
Aiming: Shock (safe; 1% risk of failure)
Press: ? - help, Shift-Dir - straight line, f - orc wizard
Aim: an orc wizard, wielding a +0 dagger and wearing a +0 robe (severely wounded, 67% to hit)
The zap hits the orc wizard.
You kill the orc wizard!
You start resting.
Menkaure is nearby!
Menkaure misses you.
You hit Menkaure but do no damage. You claw Menkaure, but do no damage.
Menkaure gestures wildly while chanting.
Menkaure seems to speed up.
Unknown command.
Casting: Shock (safe; 1% risk of failure)
Confirm with . or Enter, or press ? or * to list all spells.
Menkaure is struck by an arc of lightning.
Menkaure is lightly damaged.
You are struck by an arc of lightning.
The lightning grounds out.
Menkaure hits you!
Unknown command.
Casting: Static Discharge (safe; 1% risk of failure)
Confirm with . or Enter, or press ? or * to list all spells.
You miscast Static Discharge.
You are very lightly contaminated with residual magic.
Nothing appears to happen.
Menkaure barely misses you.
Unknown command.
Casting: Static Discharge (safe; 1% risk of failure)
Confirm with . or Enter, or press ? or * to list all spells.
Menkaure is struck by an arc of lightning.
Menkaure is moderately damaged.
You are struck by an arc of lightning.
* * * LOW HITPOINT WARNING * * *
Menkaure is struck by an arc of lightning.
Menkaure is heavily damaged.
You are struck by an arc of lightning.
* * * LOW HITPOINT WARNING * * *
The lightning grounds out.
Menkaure hits you!!
You die...

###.##.#.#.#.#.# ###'#.)...
#....#)#.#.#.#.# #.....####
#.#..#.#.#.#.#.# #.....#...
#.#..#.).#.#.#.# #.....#.##
#.#^.#####.#.#.# ###'#.#.#<
#.#..#.....#.#.# #.#.#.##
.....#.#####.#.###########.#.#...
.....#.# #>..M.................
.....#.# #####.#@#########.#.....
...#.#.###.....#.................
####.#.....###############.......
.....#.....# ########
######.....# ...........#.. .#
######)#####.# .# .....)...# #.#
.# ....)....# #.#####'####.


You could see Menkaure (fast).

Vanquished Creatures
  Sigmund (D:5)
  2 black bears
  A scorpion (D:4)
  2 gnoll boudas
  A jelly (D:5)
  An orc priest (D:5)
  5 orc wizards (D:5)
  14 gnolls
  7 adders
  An ufetubus (D:3)
  A worm (D:3)
  A dart slug (D:1)
  19 orcs
  5 endoplasms
  A giant cockroach (D:1)
  6 hobgoblins
  5 ball pythons
  2 bats
  A frilled lizard (D:1)
  2 goblins
  3 kobolds
  4 rats
85 creatures vanquished.

Vanquished Creatures (others)
  15 plants
15 creatures vanquished.

Grand Total: 100 creatures vanquished

Notes
Turn   | Place    | Note
-------+----------+-------------------------------------------
     0 | D:1      | zishaf the Tengu Air Elementalist began the quest for the
                  | Orb.
     0 | D:1      | Reached XP level 1. HP: 10/10 MP: 4/4
    19 | D:1      | Found a faded altar of an unknown god.
   349 | D:1      | Reached XP level 2. HP: 16/16 MP: 4/6
   791 | D:1      | Reached skill level 1 in Fighting
   958 | D:2      | Reached XP level 3. HP: 20/20 MP: 5/7
  1075 | D:2      | Learned a level 2 spell: Static Discharge
  1864 | D:3      | Reached XP level 4. HP: 25/25 MP: 6/8
  1904 | D:3      | Found a sacrificial altar of Ru.
  2319 | D:4      | Found a blossoming altar of Fedhas.
  2660 | D:4      | Found a sparkling altar of Nemelex Xobeh.
  2661 | D:4      | Noticed a scorpion
  2662 | D:4      | Noticed a black bear
  2671 | D:4      | Killed a scorpion
  2672 | D:4      | Reached skill level 5 in Air Magic
  2672 | D:4      | Gained mutation: Your magical nature lets you fly swiftly
                  | and evasively. [Tengu growth]
  2672 | D:4      | Reached XP level 5. HP: 28/30 MP: 5/9
  2689 | D:4      | Killed a black bear
  2690 | D:4      | Reached skill level 5 in Conjurations
  2690 | D:4      | Reached XP level 6. HP: 31/36 MP: 3/10
  2738 | D:4      | Learned a level 4 spell: Airstrike
  3508 | D:5      | Entered Level 5 of the Dungeon
  3637 | D:5      | Noticed a black bear
  3645 | D:5      | Killed a black bear
  3715 | D:5      | Reached XP level 7. HP: 41/41 MP: 8/11
  4344 | D:5      | Found a runed translucent gate.
  4344 | D:5      | Found a runed translucent gate.
  4344 | D:5      | Found a runed translucent gate.
  4374 | D:5      | Noticed Darkkill's ghost (novice MiHu)
  4576 | D:5      | Noticed Sigmund
  4602 | D:5      | Killed Sigmund
  4739 | D:5      | Reached XP level 8. HP: 48/48 MP: 10/13
  4812 | D:5      | Noticed Menkaure
  4862 | D:5      | Mangled by Menkaure

Illustrated notes

Levels and vault maps discovered:
D:1:      ncdulo_halloftheorcs, layout_basic, hellmonk_ecumenical_altar_run_dry,
          kennysheep_boxes
D:2:      layout_basic
D:3:      layout_rooms, nicolae_ru_the_path_less_chosen, serial_bayou_lagoon_a,
          wad_floor_pattern_1
D:4:      layout_basic, lemuel_round_altar, fedhas_ov_isle_minmay,
          serial_forest, infiniplex_forest_end_double,
          infiniplex_forest_corner_2, infiniplex_forest_straight_5,
          infiniplex_forest_lined_1, infiniplex_forest_clump_large,
          infiniplex_forest_lined_3, infiniplex_forest_diagonal,
          hangedman_decor_peaks_small
D:5:      layout_basic, gammafunk_ghost_icy, uniq_menkaure, uniq_ijyb,
          uniq_sigmund

Skill      XL: |  1  2  3  4  5  6  7 |
---------------+----------------------+-----
Conjurations   | 2 3 4 5 6 7 |  7.3
Fighting       | 1 2 3 4 |  4.4
Air Magic      | 5 6 7 |  7.3
Spellcasting   | 3 |  3.0
Dodging        | |  2.1
Stealth        | |  2.0

Action                   |  1- 3 |  4- 6 |  7- 9 || total
-------------------------+-------+-------+-------++-------
Melee: Dagger            |       |     8 |     4 ||    12
       Kick              |       |     4 |     1 ||     5
       Peck              |       |       |     1 ||     1
 Cast: Shock             |    64 |    60 |    64 ||   188
       Static Discharge  |     2 |     9 |    14 ||    25
  Use: Scroll            |       |     8 |     2 ||    10
Armor: Robe              |     2 |     2 |     4 ||     8
Dodge: Dodged            |    11 |    21 |    11 ||    43

Table legend: (Time is in decaauts)
 A = Elapsed time spent in this place.
 B = Non-inter-level travel time spent in this place.
 C = Inter-level travel time spent in this place.
 D = Time resting spent in this place.
 E = Time spent auto-exploring this place.
 F = Levels seen in this place.
 G = Mean time per level.
                   A        B        C        D        E       F      G
               +--------+--------+--------+--------+--------+-----+--------+
         Total |   4712 |   4319 |    393 |     97 |   3574 |   5 |  942.4 |
       Dungeon |   4712 |   4319 |    393 |     97 |   3574 |   5 |  942.4 |
               +--------+--------+--------+--------+--------+-----+--------+

Top non-repeatable levels by time:
     D:5: 1211 daAuts
     D:4: 1165 daAuts
     D:1: 941 daAuts
     D:2: 705 daAuts
     D:3: 689 daAuts
